 Dungeon Crawl Stone Soup version 0.31.0-32-g396128a36d (webtiles) character file.

Game seed: 7115313746959401860

8 firemarshallily the Sneak (level 1, 0/17 HPs)
             Began as a Demigod Brigand on Apr 18, 2024.
             Slain by a rat (2 damage)
             ... on level 1 of the Dungeon.
             The game lasted 00:00:44 (167 turns).

firemarshallily the Sneak (Demigod Brigand)          Turns: 167, Time: 00:00:44

Health: 0/17       AC:  4    Str: 12    XL:     1   Next: 80%
Magic:  3/3        EV: 12    Int: 13    God:
Gold:   25         SH:  0    Dex: 21    Spells: 0/0 levels left

rFire   . . .        a - +2 dagger
rCold   . . .        (no shield)
rNeg    . . .        b - +0 robe
rPois   .            g - +0 helmet
rElec   .            c - +0 cloak
rCorr   .            (no gloves)
SInv    .            (no boots)
Will    .....        (no amulet)
Stlth   +++          f - +6 ring of dexterity
HPRegen 0.22/turn    (no ring)
MPRegen 0.08/turn

%: no passive effects
@: no status effects
A: high MP 1, forlorn, divine attributes
a: no special abilities


You were on level 1 of the Dungeon.
You visited 1 branch of the dungeon, and saw 1 of its levels.

You collected 25 gold pieces.

Inventory:

Hand Weapons
 a - a +2 dagger (weapon)
Missiles
 d - 9 poisoned darts (quivered)
 e - 3 curare-tipped darts
Armour
 b - a +0 robe (worn)
 c - a +0 cloak (worn)
 g - a +0 helmet (worn)
Jewellery
 f - a +6 ring of dexterity (left hand)


   Skills:
 + Level 1.9 Fighting
 * Level 2.1 Short Blades
 - Level 1.7 Throwing
 - Level 0.8 Dodging
 * Level 3.8 Stealth


You couldn't memorise any spells.
You didn't know any spells.
Your spell library was empty.

Dungeon Overview and Level Annotations

Branches:
Dungeon (1/15)


Innate Abilities, Weirdness & Mutations

You have an increased reservoir of magic. (+10% MP)
You shall have no god before yourself.
Your divine heritage dramatically boosts your attributes as you level up.


Message History

The kobold throws a stone.
The stone misses you.
The hobgoblin hits you but does no damage.
You barely miss the hobgoblin.
The hobgoblin is moderately wounded.
The hobgoblin hits you.
You hit the hobgoblin.
The hobgoblin is heavily wounded.
The hobgoblin hits you.
You hit the hobgoblin but do no damage.
The hobgoblin is heavily wounded.
The kobold throws a stone.
The stone closely misses you. The hobgoblin hits you.
The rat closely misses you.
You hit the hobgoblin but do no damage.
The hobgoblin is heavily wounded.
The hobgoblin hits you. The rat barely misses you.
You hit the hobgoblin but do no damage.
The hobgoblin is heavily wounded.
The rat closely misses you. The hobgoblin hits you.
You hit the hobgoblin.
You kill the hobgoblin!
The rat bites you but does no damage. The kobold hits you with a +0 dagger.
* * * LOW HITPOINT WARNING * * *
You aren't carrying any potions.
You closely miss the kobold. You barely miss the kobold.
The kobold hits you but does no damage. The rat bites you but does no damage.
You hit the kobold.
The kobold is severely wounded.
The rat closely misses you. The kobold barely misses you.
You hit the kobold but do no damage.
The kobold is severely wounded.
The kobold hits you with a +0 dagger.
* * * LOW HITPOINT WARNING * * *
The rat bites you but does no damage.
You closely miss the kobold.
The kobold is severely wounded.
The kobold hits you with a +0 dagger.
* * * LOW HITPOINT WARNING * * *
The rat bites you.
You die...

#.. ## ##+# ... #.
##...## #.# #. ##.....##
#.## #.
##.......#####..## #.
#.>..............######.
+.......................
#.....r.........|######.
......(@.#.......# #.
##.###.K##.......# ##
#.###..)....# #.
#.......#
........##.####
..#.###.##.# ..#. #.##.#
.# #. #.##.# .....#


You could see a kobold and a rat.

Vanquished Creatures
  2 goblins (D:1)
  2 hobgoblins (D:1)
  2 ball pythons (D:1)
  A rat (D:1)
7 creatures vanquished.

Notes
Turn   | Place    | Note
-------+----------+-------------------------------------------
     0 | D:1      | firemarshallily the Demigod Brigand began the quest for the
                  | Orb.
     0 | D:1      | Reached XP level 1. HP: 17/17 MP: 3/3
   167 | D:1      | Slain by a rat

Illustrated notes

Levels and vault maps discovered:
D:1:      moated_graveyard_arrival, layout_loops_corners, serial_shops,
          nicolae_shop_rolling_square, st_stairs_3, minivault_27,
          minmay_misc_feat_diagonals, minmay_tiny_reverse_x

Skill      XL: |  1 |
---------------+----+-----
Short Blades   | 2 |  2.1
Fighting       | |  1.9
Throwing       | |  1.7
Dodging        | |  0.8
Stealth        | |  3.8

Action                     || total
---------------------------++-------
  Melee: Dagger            ||    20
   Stab: Sleeping          ||     3
 Armour: Robe              ||    14
  Dodge: Dodged            ||    13
